Cogmind - Beta 14 @@@ ROGUE MODE // 2024.08.17 @ 13:36:13 Player: Nika Jay Result: Destroyed by G-34 Mercenary with Small Laser Performance ------------- Evolutions (0) 0 Regions Visited (4) 800 Robots Destroyed (40) 200 Value Destroyed (481) 481 Prototype IDs (23) 460 Alien Tech Used (0) 0 Bonus (300) 300 TOTAL SCORE: 2241 Bonus ------- Aligned with FarCom 300 Cogmind --------- Core Integrity 0/250 Matter 300/300 Energy 100/100 System Corruption 0% Temperature Cool (6) Movement Rolling (80) Location -9/Mines Parts ------- > --- POWER (1) -------- (None) > --- PROPULSION (2) --- Wheel > --- UTILITY (2) ------ Heat Sink Small Storage Unit > --- WEAPON (2) ------- Light Assault Rifle Light Assault Rifle > --- INVENTORY (8) ---- Light Ion Engine Light Ion Engine Wheel Large Storage Unit Improved Terrain Scanner Chronowheel Light Assault Rifle Light Assault Rifle Peak State ------------ > --- POWER ------------ Light Ion Engine > --- PROPULSION ------- Aluminum Leg Aluminum Leg > --- UTILITY ---------- Small Storage Unit Improved Terrain Scanner > --- WEAPON ----------- Assault Rifle Light Assault Rifle > --- INVENTORY -------- Light Ion Engine Aluminum Leg Wheel Wheel Large Storage Unit Chronowheel Light Assault Rifle Light Assault Rifle [Rating: 11] Favorites ----------- Power Light Ion Engine Engine Light Ion Engine Propulsion Aluminum Leg Leg Aluminum Leg Wheel Wheel Utility Small Storage Unit Device Improved Terrain Scanner Storage Small Storage Unit Protection Hardened Light Armor Plating Weapon Assault Rifle Ballistic Gun Assault Rifle Build | -11 -10 -10 -10 -9 ------- Run | Yrd Mat Min Exi Min Slots Evolved . | . . . . . Power . | . . . . . Propulsion . | . . . . . Utility . | . . . . . Weapon . | . . . . . Parts Attached 24 | 7 3 2 2 10 Power 4 | 1 . 1 . 2 Engine 4 | 1 . 1 . 2 Core . | . . . . . Reactor . | . . . . . Propulsion 10 | 3 3 . . 4 Treads . | . . . . . Leg 3 | . 3 . . . Wheel 7 | 3 . . . 4 Hover . | . . . . . Flight . | . . . . . Utility 5 | 2 . . 1 2 Device 3 | 1 . . 1 1 Storage 1 | 1 . . . . Processor . | . . . . . Hackware . | . . . . . Protection 1 | . . . . 1 Artifact . | . . . . . Weapon 5 | 1 . 1 1 2 Energy Gun . | . . . . . Energy Cannon . | . . . . . Ballistic Gun 5 | 1 . 1 1 2 Ballistic Cannon . | . . . . . Launcher . | . . . . . Special Weapon . | . . . . . Impact Weapon . | . . . . . Slashing Weapon . | . . . . . Piercing Weapon . | . . . . . Special Melee Weapon . | . . . . . Unidentified Prototypes . | . . . . . Parts Lost 4 | . . 1 . 3 Power 1 | . . . . 1 Propulsion 1 | . . . . 1 Utility 2 | . . 1 . 1 Weapon . | . . . . . Highest Loss Streak 2 | . . 1 . 2 To Critical Strikes . | . . . . . Average Slot Usage (%) 93 | . 84 90 87 99 Engine 13 | . 14 14 14 13 Leg 17 | . 22 28 28 9 Wheel 10 | . 4 . . 18 Device 4 | . 14 7 2 2 Storage 14 | . 14 14 14 14 Protection 5 | . . . . 11 Ballistic Gun 25 | . 14 25 28 28 Peak Build Rating 11 | 8 9 10 11 11 Average Rating 8 | 6 8 8 8 9 On Entrance 7 | . 8 9 7 11 Naked Turns . | . . . . . Heaviest Build 16 | 13 13 13 12 16 Greatest Support 26 | 26 20 20 20 20 Greatest Overweight (x) 1 | . 1 . . . Average Overweight (x) . | . . . . . Largest Inventory Capacity 8 | 8 8 8 8 8 Average Capacity 7 | 7 8 8 8 8 Most Carried 8 | 7 8 8 8 8 Average Carried 7 | 4 7 7 7 7 Final Capacity 8 | 8 8 8 8 8 Final Carried 8 | 7 8 8 8 8 Class Distribution -------------------- 71% | Scavenger-Mutant 23% | Mutant 4% | Scavenger-Skirmisher Dominant Class ---------------- Mutant | -10/Materials Scavenger-Mutant | -10/Mines Scavenger-Mutant | -10/Exiles Scavenger-Mutant | -9/Mines Resources | -11 -10 -10 -10 -9 ----------- Run | Yrd Mat Min Exi Min Matter Collected 988 | 305 223 74 . 386 Remotely . | . . . . . Salvage Created 1170 | 131 250 102 . 687 Parts 79 | 6 12 15 . 46 Haulers Intercepted . | . . . . . Recyclers Shooed 6 | . 3 . . 3 Parts Field Recycled . | . . . . . Retrieved Matter . | . . . . . Parts Self-Destructed . | . . . . . Prevented . | . . . . . Kills | -11 -10 -10 -10 -9 ------- Run | Yrd Mat Min Exi Min Combat Hostiles Destroyed 22 | . 3 5 . 14 Guns 22 | . 3 5 . 14 Classes Destroyed 8 | 2 4 1 . 1 Worker 3 | . 1 . . 2 Builder 2 | . 1 . . 1 Tunneler 7 | 3 . 1 . 3 Recycler 6 | 1 1 . . 4 Watcher 1 | . 1 . . . Swarmer 15 | . . 5 . 10 Grunt 6 | . 3 . . 3 Assembled 1 | . . . . 1 Best Kill Streak 5 | 2 3 3 . 5 Combat Bots Only 4 | . 3 3 . 4 Max Kills in Single Turn 2 | 1 1 1 . 2 Gunslinging 1 | . . . . 1 Exploded . | . . . . . Melee . | . . . . . Uniques/NPCs Destroyed . | . . . . . Combat | -11 -10 -10 -10 -9 -------- Run | Yrd Mat Min Exi Min Hostile Shots Fired 133 | . 10 29 . 94 Missed 26 | . 1 2 . 23 Damage Taken 982 | . 117 204 . 661 Core 258 | . 50 71 . 137 Absorbed by Shields . | . . . . . Core Remaining (%) 100 | 100 . . . . Volleys Fired 167 | 38 38 17 . 74 Largest 2 | 1 1 2 . 2 Hottest 40 | 20 20 40 . 40 Shots Fired 248 | 38 38 24 . 148 Gun 248 | 38 38 24 . 148 Cannon . | . . . . . Launcher . | . . . . . Special . | . . . . . Kinetic 248 | 38 38 24 . 148 Thermal . | . . . . . Explosive . | . . . . . Electromagnetic . | . . . . . Robot Hit Streak 20 | 7 8 3 . 20 Robot Miss Streak 4 | 4 3 3 . 4 Penetration Max . | . . . . . Secondary Targets 6 | . . . . 6 Max Gunslinging Chain 1 | . . . . 1 Shots Hit Robots 145 | 24 23 11 . 87 Core Hits 58 | 5 10 6 . 37 Critical Kills . | . . . . . Critical Parts Destroyed . | . . . . . Critical Strikes . | . . . . . Melee Attacks . | . . . . . Impact . | . . . . . Slashing . | . . . . . Piercing . | . . . . . Sneak Attacks . | . . . . . Combat Hostiles . | . . . . . Follow-up Attacks . | . . . . . Damage Inflicted 1612 | 312 311 125 . 864 Guns 1612 | 312 311 125 . 864 Cannons . | . . . . . Explosions . | . . . . . Melee . | . . . . . Ramming . | . . . . . Kinetic 1612 | 312 311 125 . 864 Thermal . | . . . . . Explosive . | . . . . . Electromagnetic . | . . . . . Impact . | . . . . . Slashing . | . . . . . Piercing . | . . . . . Highest Corruption . | . . . . . Average Corruption . | . . . . . Corruption Purged . | . . . . . Corruption Blocked . | . . . . . Overload Shots . | . . . . . Overflow Damage . | . . . . . Projectiles . | . . . . . Explosions . | . . . . . Melee . | . . . . . Knockbacks . | . . . . . Impact . | . . . . . Kinetic . | . . . . . Secondary . | . . . . . Self-Inflicted Damage . | . . . . . Shots . | . . . . . Rammed . | . . . . . Targets Rammed . | . . . . . Kicked . | . . . . . Crushed . | . . . . . Highest Temperature 57 | . . . . 57 Average Temperature 12 | . . . . 12 Received Heat Transfer 177 | . 63 . . 114 Siege Activations . | . . . . . Robots Corrupted . | . . . . . Combat Hostiles . | . . . . . Parts Fried . | . . . . . Impact Corruptions . | . . . . . Robots Melted . | . . . . . Combat Hostiles . | . . . . . Parts Melted . | . . . . . Heat Transferred . | . . . . . Parts Sabotaged . | . . . . . Parts Stolen . | . . . . . Parts Stripped . | . . . . . Power Chain Reactions . | . . . . . Alert | -11 -10 -10 -10 -9 ------- Run | Yrd Mat Min Exi Min Peak Influence 215 | 20 169 195 . 215 Initial 65 | . 13 65 . . Average 61 | 6 130 158 . 34 Maximum Alert Level 1 | . . . . 1 Low Security (%) 99 | 100 100 100 . 99 Level 1 . | . . . . . Level 2 . | . . . . . Level 3 . | . . . . . Level 4 . | . . . . . Level 5 . | . . . . . High Security . | . . . . . Max Security . | . . . . . Squads Dispatched 1 | . . . . 1 Investigation . | . . . . . Extermination . | . . . . . Reinforcement 1 | . . . . 1 Assault . | . . . . . Garrison . | . . . . . Intercept . | . . . . . Searches Triggered . | . . . . . Construction Impeded 1 | . . . . 1 Haulers Reinforced . | . . . . . Active Scanning Responses . | . . . . . Cargo Convoy Interrupts . | . . . . . Stealth | -11 -10 -10 -10 -9 --------- Run | Yrd Mat Min Exi Min Distress Signals 1 | . 1 . . . Communications Jammed . | . . . . . Distress Signals . | . . . . . Times Spotted 32 | . 7 6 . 19 Peak Tracking Total 4 | . 4 3 . 4 Tactical Retreats 3 | . . 1 . 2 Traps | -11 -10 -10 -10 -9 ------- Run | Yrd Mat Min Exi Min Traps Triggered . | . . . . . Indirectly . | . . . . . Trap Hack Attempts . | . . . . . Triggered . | . . . . . Disarmed . | . . . . . Reprogrammed . | . . . . . Reused . | . . . . . Traps Extracted . | . . . . . Installed . | . . . . . Triggered . | . . . . . Objects Rigged 2 | . 2 . . . Machines | -11 -10 -10 -10 -9 ---------- Run | Yrd Mat Min Exi Min Machines Disabled . | . . . . . Max in Single Turn . | . . . . . Machines Repaired . | . . . . . Machines Dismantled . | . . . . . Machines Sabotaged . | . . . . . Overloaded Fab Kills . | . . . . . Hacking | -11 -10 -10 -10 -9 --------- Run | Yrd Mat Min Exi Min Machines Accessed 6 | . 4 . 2 . Terminals 4 | . 4 . . . Fabricators . | . . . . . Repair Stations . | . . . . . Recycling Units . | . . . . . Scanalyzers . | . . . . . Garrison Access . | . . . . . Total Hacks 32 | . 8 . 24 . Successful 30 | . 6 . 24 . Failed 2 | . 2 . . . Catastrophic . | . . . . . Database Lockouts . | . . . . . Manual 8 | . 7 . 1 . Terminals 8 | . 8 . . . Fabricators . | . . . . . Repair Stations . | . . . . . Recycling Units . | . . . . . Scanalyzers . | . . . . . Garrison Access . | . . . . . Terminal Hacks 26 | . 2 . 24 . Record 23 | . . . 23 . Branch Access Points 1 | . 1 . . . Locate Traps 1 | . 1 . . . Derelict Proto ID Bank 1 | . . . 1 . Fabricator Hacks . | . . . . . Repair Station Hacks . | . . . . . Recycling Unit Hacks . | . . . . . Scanalyzer . | . . . . . Garrison Access Hacks . | . . . . . Unauthorized Hacks 4 | . 4 . . . Terminals 4 | . 4 . . . Botnet 3 | . 3 . . . Detonate 1 | . 1 . . . Fabricators . | . . . . . Repair Stations . | . . . . . Recycling Units . | . . . . . Scanalyzers . | . . . . . Garrison Access . | . . . . . Data Cores Recovered . | . . . . . Used . | . . . . . Hacking Detections 2 | . 2 . . . Full Trace Events . | . . . . . Feedback Events . | . . . . . Feedback Blocked . | . . . . . Robot Schematics Acquired . | . . . . . Robots Built . | . . . . . Authchips . | . . . . . Time . | . . . . . Total Robot Build Rating . | . . . . . Part Schematics Acquired . | . . . . . Parts Built . | . . . . . Authchips . | . . . . . Time . | . . . . . Total Part Build Rating . | . . . . . Parts Repaired . | . . . . . Time . | . . . . . Parts Recycled . | . . . . . Recycled Matter . | . . . . . Retrieved Matter . | . . . . . Retrieved Components . | . . . . . Parts Scanalyzed . | . . . . . Part Schematics Acquired . | . . . . . Parts Damaged . | . . . . . Bothacking | -11 -10 -10 -10 -9 ------------ Run | Yrd Mat Min Exi Min Used RIF Installer . | . . . . . Robots Hacked . | . . . . . Non-combat . | . . . . . Combat . | . . . . . Robot Hacks Applied . | . . . . . Relay Couplers Released . | . . . . . Fabnet Peak Effective % . | . . . . . Robots Rewired . | . . . . . Allies Hacked . | . . . . . Hacks Repelled . | . . . . . Allies | -11 -10 -10 -10 -9 -------- Run | Yrd Mat Min Exi Min Total Allies . | . . . . . Largest Group . | . . . . . Highest-Rated Group . | . . . . . Highest-Rated Ally . | . . . . . Total Orders . | . . . . . Ally Attacks . | . . . . . Total Damage . | . . . . . Kills . | . . . . . Allies Corrupted . | . . . . . Allies Melted . | . . . . . Intel | -11 -10 -10 -10 -9 ------- Run | Yrd Mat Min Exi Min Robot Analysis Total . | . . . . . Derelict Logs Recovered 1 | . . 1 . . Drone Launches . | . . . . . Drone Recoveries . | . . . . . Exploration | -11 -10 -10 -10 -9 ------------- Run | Yrd Mat Min Exi Min Turns Passed 2381 | 197 336 172 557 1119 Spaces Moved 1328 | 127 209 105 461 426 Core 4 | 4 . . . . Treads . | . . . . . Legs 979 | . 179 105 461 234 Wheels 345 | 123 30 . . 192 Hover . | . . . . . Flight . | . . . . . Fastest Speed 50 | 50 80 120 120 80 Average Speed 109 | 82 115 120 120 101 Slowest Speed 190 | 100 190 120 120 120 Overloaded Moves . | . . . . . Propulsion Burnouts . | . . . . . Robots Hopped . | . . . . . Cave-ins Triggered . | . . . . . Exploration Rate (%) 45 | 6 38 33 88 61 Regions Visited 4 Branch Regions 3 Pre-discovered Areas 3 | . . 1 1 1 Known Exits Taken 1 | . 1 . . . Unknown Exits Taken 3 | 1 . 1 1 . Scrap Searched 4 | . . 1 . 3 Spaces Dug . | . . . . . Terrain Destroyed . | . . . . . Melee . | . . . . . Projectile . | . . . . . AOE . | . . . . . Terrain Rammed . | . . . . . Walls Destroyed . | . . . . . Machines Disabled . | . . . . . Actions | -11 -10 -10 -10 -9 --------- Run | Yrd Mat Min Exi Min Total 2023 | 177 267 129 466 984 Wait 473 | . 13 1 . 459 Move 1324 | 126 208 104 460 426 Hop . | . . . . . Pick Up 15 | 6 1 2 2 4 Fast Attach 11 | 6 2 1 . 2 Attach 3 | . . . 2 1 Detach 3 | . 1 . 1 1 Swap 10 | 1 1 1 . 7 Drop 17 | . 3 3 1 10 Fire 167 | 38 38 17 . 74 Melee . | . . . . . Ram . | . . . . . Kick . | . . . . . Crush . | . . . . . Escape Stasis . | . . . . . Rewire . | . . . . . Trap . | . . . . . Miscellaneous . | . . . . . Route ------- -11/Scrapyard -10/Materials (discovered 2 exits: *Min x2) -10/Mines -10/Exiles -9/Mines History --------- Turn | Location | Event 10 | -11/Scrapyard | Discovered new exit (range 15) 198 | -11/Scrapyard | Entered Materials 308 | -10/Materials | Build established: Mutant 339 | -10/Materials | Identified exit to Mines 534 | -10/Materials | Entered Mines 566 | -10/Mines | Learned location of Storage (-7) 651 | -10/Mines | Found a hidden stash of uninstalled traps 699 | -10/Mines | Deemed a non-threat by the Exiles lab entrance 700 | -10/Mines | Discovered new exit (range 5) 706 | -10/Mines | Entered Exiles 736 | -10/Exiles | Met 8R-AWN 756 | -10/Exiles | Met EX-HEX 788 | -10/Exiles | Met EX-BIN 805 | -10/Exiles | Aligned with FarCom system 806 | -10/Exiles | Given EX-Vault access code 835 | -10/Exiles | Opened EX-Vault 851 | -10/Exiles | Found Chronowheel 869 | -10/Exiles | Build established: Scavenger-Mutant 877 | -10/Exiles | Warned to stay clear of 0b10 Research branches 913 | -10/Exiles | Met EX-DEC 933 | -10/Exiles | Learned location of Zion (-7) 1009 | -10/Exiles | Visited The Gauntlet 1201 | -10/Exiles | Discovered new exit (range 11) 1263 | -10/Exiles | Left Exiles lab with Chronowheel 1263 | -10/Exiles | Entered Mines 2065 | -9/Mines | Excavation squad dispatched 2065 | -9/Mines | A large section of the Mines collapsed 2067 | -9/Mines | Core integrity fell below 50% 2315 | -9/Mines | Excavation squad dispatched 2357 | -9/Mines | Core integrity fell below 20% 2382 | -9/Mines | Destroyed by G-34 Mercenary with Small Laser Last Messages --------------- 02337_ Dropped Assault Rifle. 02337_ T-07 Excavator is excavating. 02338_ Acquired 14 matter. 02339_ T-07 Excavator is excavating. 02343_ Acquired 16 matter. 02343_ T-07 Excavator is excavating. 02364_ S-10 Pest destroyed. 02364_ Switching to secondary target: S-10 Pest. 02365_ Acquired 14 matter. 02366_ Ion Engine destroyed. 02367_ S-10 Pest destroyed. 02367_ Switching to secondary target: S-10 Pest. 02368_ Acquired 2 matter. 02373_ Wheel destroyed. 02376_ Acquired 2 matter. 02377_ S-10 Pest destroyed. 02377_ Switching to secondary target: S-10 Pest. 02378_ Acquired 2 matter. 02378_ T-07 Excavator is excavating. 02381_ Acquired 2 matter. Map ----- +----------------------------------------------------+ | #????????# #????# # #??? | | #????????# ###### ^^# #??? | | #???????### %## # ^ #??? | | # ##???????# ###!## ## #??? | | # ####????????# ###?# ## ^ ? ##??? | | # #???????????# #???# ######?#####???? | | #???????????# #???# #??????????????? | | # ##???######## #???# #??????????????? | | ##### ## # ##### ##?????????????? | | != #?????????????? | | !%* % #?????????????? | | *! ! ##### ##?????????????? | | = ## ##??##t #??????????????? | | ###########??## t#??????????????? | | ##???????????## #??????????????? | | ##????????????# ##?????????????? | | ##?????????????# ##????????????? | | #??????????????## #????????????? | | #???????????????# #????????????? | | #???????????????# %! *#????????????? | | #???????????????##==%!=#????????????? | | #????????????????#!%!*|#????????????? | | #????????????????#![tg%##???????????? | | #????????????????#=!=*=%######??????? | | | #????????????????#==[*t s%=! ##?????? | | #????????????????#% [##@=*= #?????? | | ###????????????????# !####=[ #?????? | | ???????????????????# #??##[ #?????? | | ???????????????????#% #???## #?????? | | ???????????????????# #?????# ##?????? | | ???????????????????#g ??????###??????? | | ??????????????????? ???????????????? | | ??????????????????? ??????????????? | | ??????????????????# ??????????????? | | ??????????????????## ?????????????? | | ???????????????????### ?????????????? | | ????????????g????????? ##????????????? | | ?????????????????????? #?????????????? | | ?????????????????????? #?????????????? | | ?????????????????????? #?????????????? | | ?????????????????????? #?????????????? | | ??????????????????????????????????????? | | ??????????????????????????????????????? | | ??????????????????????????????????????? | | ??????????????????????????????????????? | | ??????????????????????????????????????? | | ??????????????????????????????????????? | | ??????????????????????????????????????? | | ??????????????????????????????????????? | | ??????????????????????????????????????? | +----------------------------------------------------+ Best States ------------- Heat Dissipation 35 Energy Generation 10 Energy Capacity 250 Matter Stores 300 Matter Capacity 300 Sight Range 16 Terrain Scan Range 16 Terrain Scan Density 10 Armor Coverage 150 Evasion (%) 55 Item Schematics ----------------- None Robot Schematics ------------------ None Fabricated ------------ Nothing Alien Tech Used ----------------- None Achievements -------------- Quantum Hacking Challenges ------------ None Game ------ Seed PlasmaPrecisionPick Manual? 0 Play Time 00:26:57 Cumulative 35.8 hours Start 2024.08.17 @ 13:10:50 End 2024.08.17 @ 13:36:13 Sessions 1 Manual Loads 0 Difficulty Rogue Special Mode None Game No. 26 Rogue 22 Adventurer 2 Explorer 2 Win Type - Total 0 Types 0/0/0/0/0/0/0/0/0 Lore% 23 Gallery% 29 Achievement% 30 Wizard Run 0 Options --------- Layout 0 ASCII 0 Keyboard 1 Movement Arrows Keybinds 0 Fullscreen 2 Font 18/SmallcapsGlow Map View 76x50 Zoom Use 0% Tactical HUD 1 Map Filters NONE Filters NONE Steam 1 RUN: 527cdbc5-c32d-4ebc-84dd-5a1c90542cbe